 Dungeon Crawl Stone Soup version 0.22-a0-160-gcc81d7a (webtiles) character file.

49 KristoblXynda the Slasher (level 3, -4/29 HPs)
             Began as a Draconian Gladiator on Feb 10, 2018.
             Slain by a hobgoblin
             ... wielding a cursed +0 club
              (6 damage)
             ... on level 2 of the Dungeon.
             The game lasted 00:03:11 (1035 turns).

KristoblXynda the Slasher (Draconian Gladiator)     Turns: 1035, Time: 00:03:11

Health: -4/29      AC:  5    Str: 16    XL:     3   Next: 53%
Magic:  3/3        EV: 13    Int:  9    God:
Gold:   42         SH:  0    Dex: 12    Spells: 2/2 levels left

rFire    . . .     SeeInvis .   a - +0 long sword
rCold    . . .     Gourm    .   (no shield)
rNeg     . . .     Faith    .   (armour unavailable)
rPois    .         Spirit   .   b - +0 hat
rElec    .         Reflect  .   (no cloak)
rCorr    .         Harm     .   (no gloves)
MR       .....                  (no boots)
Stlth    +.........             (no amulet)
HPRegen  0.09/turn              (no ring)
MPRegen  0.08/turn              (no ring)

@: no status effects
A: unfitting armour, cold-blooded, AC +5
a: no special abilities


You were on level 2 of the Dungeon.
You were hungry.

You visited 1 branch of the dungeon, and saw 2 of its levels.

You collected 42 gold pieces.

Inventory:

Hand Weapons
 a - a +0 long sword (weapon)
Missiles
 c - 3 throwing nets (quivered)
Armour
 b - a +0 hat (worn)
Scrolls
 g - a scroll of remove curse {unknown}
Potions
 e - a potion of curing {unknown}
 f - a potion of mutation {unknown}
 h - a potion of berserk rage {unknown}
Comestibles
 d - 5 rations


   Skills:
 - Level 2.1 Fighting
 * Level 4.0 Long Blades
 - Level 2.0 Throwing
 + Level 3.2 Dodging


You had 2 spell levels left.
You didn't know any spells.

Dungeon Overview and Level Annotations

Branches:
Dungeon (2/15)

Altars:


Innate Abilities, Weirdness & Mutations

Your plain brown scales are hard. (AC +5)
You cannot fit into any form of body armour.
You are cold-blooded and may be slowed by cold attacks.


Message History

There is an open door here.
As you close the door, it creaks loudly!
You start resting.
A hobgoblin comes into view. It is wielding a club.
A hobgoblin is nearby!
Unknown command.
The hobgoblin misses you.
You barely miss the hobgoblin. The hobgoblin hits you with a club.
* * * LOW HITPOINT WARNING * * *
You hit the hobgoblin.
The hobgoblin is moderately wounded.
The hobgoblin barely misses you.
You hit the hobgoblin.
The hobgoblin is heavily wounded.
The hobgoblin hits you with a club.
* * * LOW HITPOINT WARNING * * *
You hit the hobgoblin.
The hobgoblin is severely wounded.
The hobgoblin hits you with a club.
You die...

>.# #.# #.# #.# ##+##
#.# ##...##
#.#####.....## #
.....#[......## .##.#
..##..........####......
..............+.@g.....#
.###..........####...#.#
.# #.#.......## .##
.###.##.....## #
.....###...## .#####
##'## .# #.# .########.#
........#.##


You could see a hobgoblin.

Vanquished Creatures
  A worm (D:2)
  2 dart slugs (D:1)
  A leopard gecko (D:1)
  A ball python (D:1)
  2 bats
  2 giant cockroaches
  4 goblins (D:1)
  7 hobgoblins
  4 jackals (D:1)
  4 frilled lizards (D:1)
  5 kobolds (D:1)
  4 rats (D:1)
37 creatures vanquished.

Notes
Turn   | Place    | Note
-------+----------+-------------------------------------------
     0 | D:1      | KristoblXynda the Draconian Gladiator began the quest for the Orb.
     0 | D:1      | Reached XP level 1. HP: 17/17 MP: 1/1
   110 | D:1      | Reached XP level 2. HP: 2/24 MP: 2/2
   466 | D:1      | Reached XP level 3. HP: 26/29 MP: 3/3
   938 | D:2      | Reached skill level 4 in Long Blades
  1035 | D:2      | Slain by a hobgoblin

Vault maps used:
D:1:      lightli_arrival_windingriver

Skill      XL: |  1  2  3 |
---------------+----------+-----
Throwing       | 2 |  2.0
Dodging        | 3 |  3.2
Long Blades    | 4 |  4.0
Fighting       | |  2.1

Action                   || total
-------------------------++-------
Melee: Long sword        ||    88
       Tailslap          ||     8
 Stab: Sleeping          ||     2
Armor: Skin              ||    16
Dodge: Dodged            ||    56
       Rpst.: Long sword ||    18

Table legend:
 A = Spawn XP
 B = Non-spawn XP
 C = Spawn XP percentage of total XP
 D = Spawn monster count
 E = Non-spawn monster count
 F = Spawn count percentage of total count
 G = Total turns spent on level
                    A         B        C        D         E        F      G
               +---------+---------+-------+---------+---------+-------+---------
         Total |       0 |      71 |   0.0 |       0 |      37 |   0.0 |  1035
               +---------+---------+-------+---------+---------+-------+---------
           D:1 |       0 |      60 |   0.0 |       0 |      33 |   0.0 |   884
           D:2 |       0 |      11 |   0.0 |       0 |       4 |   0.0 |   151
               +---------+---------+-------+---------+---------+-------+---------
